cohdb
Replays
Latest Replays
All Replays
Popular Replays
Top Player Replays
Match Explorer
How It Works
Community
CoH3 Stats
Reddit
Sign in to upload your games and track your stats! →
Sign in with Steam
Match 44553404
Unlisted
Match 44553404
Overview
Messages
Build Orders
End
Panzergrenadier Squad
Kradschützen Motorcycle Team
Panzergrenadier Squad
250 Light Carrier
Panzergrenadier Squad
Construct Light Support Kompanie
2.5-tonne Medical Truck
Fire Support Elements
MG34 Team
Pak 38 Mechanized Group
Veteran Squad Leaders
Pak 38 Anti-tank Gun Team
Construct Panzerarmee Kommand
Selects Panzerjäger Kommand Battlegroup
Selects Tank Busters
Selects Crew Shock Tactics
Selects Anti-tank Overwatch
2.5-tonne Medical Truck
Walking Stuka Rocket Launcher
Anti-tank Overwatch
Assault Grenadier Squad
Pak 38 Mechanized Group
MuniekPL
Husar
Felipe
StraussKueste
BlackStormIV
ALPHA LEGION
0
0
Comments
sign in to comment!
No comments posted yet!